Map: Chain of Ascension

Players

ElricCortez

  • Race: Zerg Zerg
  • Spawn Location: 11:00

NamroodTuo

  • Race: Zerg Zerg

VOD

Have the link to the VOD?

Description

Time

  • Played on: March 31, 2023, 4:08 p.m.
  • Length: 20:29
Show
View Real Time Build Order
Export as new Build Order

ElricCortez Zerg 

Build Orders:  

Get SALT Encoding   

  6  0:10  Drone x2  
  6  0:18  Drone x2  
  8  0:27  Drone x2  
  9  0:35  Drone x2  
  10  0:45  Drone x2  
  11  0:52  Drone x2  
  12  1:00  Drone x2  
  12  1:07  Drone x2  
  14  1:18  Extractor  
  13  1:20  Extractor, Drone x2  
  13  1:27  Overlord  
  14  2:03  Hatchery  
  13  2:16  Drone x2, Spawning Pool  
  14  2:42  Evolution Chamber  
  13  2:50  Lair  
  13  2:54  Baneling Nest  
  13  2:59  Evolution Chamber  
  12  3:14  Overlord  
  12  3:47  Swarmling x3  
  12  3:48  Swarmling x9  
  12  3:49  Swarmling x3  
  21  3:50  Swarmling x3  
  23  4:08  Unknown  
  19  4:58  Heroic Fortitude, Medusa Blades  
  25  6:03  Drone x8  
  29  6:17  Aberration, Swarmling x3  
  29  6:18  Swarmling x3  
  31  7:11  Extractor  
  31  7:12  Extractor  
  31  7:13  Hatchery  
  31  7:16  Hatchery  
  29  7:20  Hatchery  
  29  7:27  Hatchery  
  30  7:32  Scourge Nest  
  30  7:33  Hive  
  31  8:03  Scourge Nest  
  31  8:15  Hatchery  
  32  8:48  Swarmling x3  
  32  8:49  Swarmling x12  
  25  9:47  Drone x4  
  27  9:52  Drone x2  
  27  9:54  Drone x6  
  27  9:55  Drone x2  
  34  10:10  Rupture  
  34  10:12  Hardened Carapace  
  34  10:15  Simplified Genome, Virulent Spores  
  34  10:19  Zerg Ground Armor Level 1  
  66  10:50  Centrifugal Hooks  
  36  10:57  Drone x6  
  41  11:12  Metabolic Boost  
  41  11:16  Scourge x2  
  41  11:17  Scourge x10  
  55  11:20  Scourge x4  
  59  11:30  Unknown  
  59  11:31  Unknown x3  
  59  12:07  Zerg Flyer Armor Level 1  
  59  12:08  Zerg Flyer Weapons Level 1  
  59  12:38  Adrenal Overload  
  59  12:39  Corrosive Acid  
  59  12:51  Overlord x2, Overseer  
  59  12:52  Overlord x3  
  59  12:58  Unknown, Overseer  
  61  13:24  Roach x6  
  61  13:25  Roach x12  
  61  13:26  Roach x2  
  63  13:38  Shredding Claws  
  39  14:21  Scourge x8  
  39  14:22  Scourge x10  
  39  14:23  Scourge x6  
  39  14:24  Swarmling x15  
  39  14:25  Swarmling x9, Scourge x2  
  70  14:36  Unknown x2  
  70  14:38  Zerg Ground Armor Level 2  
  70  14:49  Scourge x2  
  70  14:59  Scourge  
  55  15:07  Scourge x2  
  55  15:08  Scourge  
  39  15:13  Swarmling x9  
  39  15:14  Swarmling x12  
  39  15:41  Aberration x3  
  39  15:45  Swarmling x15  
  39  15:46  Swarmling x6  
  58  15:59  Scourge x2  
  61  16:00  Scourge x18  
  61  16:01  Scourge x4  
  62  17:35  Scourge x2  
  60  17:48  Unknown  
  56  17:57  Roach x12  
  56  17:58  Roach x8, Overlord x3  
  56  17:59  Overlord x3  
  58  18:01  Overseer x2  
  65  18:50  Scourge x10  
  65  18:51  Scourge x6  
  65  18:52  Scourge x8  
  65  18:53  Scourge x8  
  83  19:05  Unknown x4  
Show
View Real Time Build Order
Export as new Build Order

NamroodTuo Zerg 

Build Orders:  

Get SALT Encoding   

  12  0:04  Infested SCV  
  13  0:13  Infested SCV  
  13  0:19  Infested SCV  
  15  0:39  Infested Barracks  
  15  0:48  Overlord  
  15  1:15  Infested SCV x2  
  15  1:16  Infested SCV  
  18  1:28  Infested SCV  
  19  1:34  Infested Refinery  
  19  1:38  Infested Refinery  
  19  1:39  Overlord  
  19  1:55  Infestation Level 1  
  19  2:00  Infested SCV  
  20  2:12  Infested SCV  
  21  2:25  Infested SCV  
  22  2:56  Overlord  
  22  2:59  Infested Barracks Tech Lab  
  22  3:06  Infested SCV  
  23  3:24  Infested SCV  
  24  3:35  Infested Engineering Bay  
  24  3:37  Infested SCV  
  25  3:55  Anaerobic Enhancement  
  25  4:09  Infested Bunker  
  29  4:20  Infested Marine  
  29  4:21  Infested Marine x9  
  29  4:22  Unknown  
  39  4:31  Overlord x2  
  39  5:05  Infested Bunker  
  43  5:19  Infested SCV  
  44  5:54  Infested Missile Turret  
  44  6:00  Infestation Level 2  
  44  6:02  Infested SCV x2  
  44  6:03  Infested SCV  
  44  6:05  Infested SCV  
  44  6:08  Infested SCV  
  39  6:26  Infested Missile Turret  
  39  6:33  Infested Factory  
  39  6:34  Retinal Augmentation  
  39  7:34  Plagued Munitions  
  39  7:36  Infested Armory  
  39  7:40  Infested Factory Tech Lab  
  43  8:00  Broodling Gestation  
  43  8:01  Infested Bunker  
  43  8:06  Infested SCV x3  
  43  8:07  Infested SCV x2  
  52  8:58  Infested Bunker  
  52  9:18  Infested Command Center  
  52  10:01  Overlord x2  
  52  10:02  Aggressive Incubation  
  52  10:19  Infested Marine  
  53  10:20  Infested Marine x2  
  53  10:24  Overlord x3  
  53  10:29  Infested Marine  
  56  10:30  Infested Marine x7  
  67  11:02  Infested Bunker  
  67  11:06  Infested SCV x2  
  67  11:09  Infested SCV  
  58  11:47  Infested SCV x3  
  61  12:00  Infested Bunker  
  61  12:09  Regenerative Plating  
  65  12:49  Infested Bunker  
  65  12:51  Infested SCV x2  
  65  12:52  Infested SCV x2  
  69  13:00  Infested SCV  
  69  13:09  Infested Factory, Calcified Armor  
  70  13:19  Overlord x4  
  70  13:50  Infested SCV x2  
  70  13:57  Infested Bunker  
  76  14:06  Infested Bunker  
  80  14:12  Stukov Infantry Armor Level 1  
  80  14:16  Stukov Vehicle and Ship Weapons Level 1  
  80  14:23  Saturated Cultures  
  80  14:38  Infested SCV  
  80  14:39  Infested SCV  
  82  14:43  Infested Refinery  
  82  14:47  Infested SCV  
  82  14:48  Infested SCV  
  82  14:49  Infested Refinery  
  84  15:44  Infested Bunker  
  84  15:46  Infested Bunker  
  96  15:51  Infested Bunker  
  96  15:54  Infested Bunker  
  100  16:00  Infested Factory Tech Lab  
  100  16:11  Infestation Level 3  
  100  16:52  Stukov Infantry Weapons Level 1  
  100  16:56  Stukov Vehicle and Ship Armor Level 1  
  100  17:37  Infested Bunker  
  100  17:38  Infested Bunker  
  112  17:42  Infested Bunker  
  112  17:45  Infested Bunker  
  116  18:04  Overlord  
  116  18:05  Overlord x4  
  116  18:13  Overseer x4  
  116  18:15  Overseer x3  
  116  18:48  Infested Bunker  
  120  18:56  Infested Bunker  
  124  19:00  Overlord x2  
  124  19:15  Infested Marine  
  124  19:16  Infested Marine x13  
  124  19:17  Infested Marine x6  
  148  19:43  Infested Bunker  
  152  20:06  Infested Bunker  
Tags
 
Add a new tag
Caveats
  • Supply blocks, unpowered buildings, or Contaminate may cause inaccurate times.
  • Supply counts are checked every 10 seconds.